 Dungeon Crawl Stone Soup version 0.28-a0-622-gbaef9634d7 (webtiles) character file.

Game seed: 7486351527625535226

2000 KristoblXynda the Covert (level 9, -3/112 HPs)
             Began as a Naga Berserker on Oct 7, 2021.
             Was a Priest of Trog.
             Killed by divine providence
             ... invoked by an orc priest
              (16 damage)
             ... on level 7 of the Dungeon.
             The game lasted 00:10:38 (9410 turns).

KristoblXynda the Covert (Naga Berserker)           Turns: 9410, Time: 00:10:39

Health: -3/112     AC: 13    Str: 22    XL:     9   Next: 22%
Magic:  9/9        EV:  7    Int:  8    God:    Trog [***...]
Gold:   248        SH:  0    Dex: 11    Spells: 8/8 levels left

rFire   . . .      SeeInvis +   a - +1 hand axe
rCold   + . .      Faith    .   (no shield)
rNeg    . . .      Spirit   .   w - +1 chain mail {rC+}
rPois   +          Reflect  .   o - +0 helmet
rElec   .          Harm     .   i - +0 cloak {Stlth+}
rCorr   .          Rampage  .   p - +0 pair of gloves
Will    +....                   (no barding)
Stlth   ..........              (no amulet)
HPRegen 0.28/turn               (no ring)
MPRegen 0.11/turn               (no ring)

@: berserking (expiring), quick
A: AC +3, large, see invisible, deformed body, poison resistance, slowness 2,
spit poison 1, naga tail 1
a: Spit Poison, Renounce Religion, Berserk, Trog's Hand


You were on level 7 of the Dungeon.
You worshipped Trog.
Trog was most pleased with you.
You visited 2 branches of the dungeon, and saw 8 of its levels.

You collected 292 gold pieces.
You spent 44 gold pieces at shops.

Inventory:

Hand Weapons
 a - a +1 hand axe (weapon)
 m - a +1 whip of freezing
Missiles
 k - a throwing net
Armour
 i - a +0 cloak of stealth (worn)
 o - a +0 helmet (worn)
 p - a +0 pair of gloves (worn)
 v - a +0 barding
 w - a +1 chain mail of cold resistance (worn)
Scrolls
 c - a scroll of enchant weapon
 d - a scroll of acquirement {unknown}
 f - a scroll of amnesia {unknown}
 h - a scroll of enchant armour
 j - 3 scrolls of teleportation
Potions
 e - a potion of invisibility {unknown}
 g - 5 potions of curing
 l - a potion of mutation
 n - a potion of ambrosia
 s - a potion of haste {unknown}


   Skills:
 - Level 3.0 Fighting
 + Level 6.6 Axes
 + Level 5.0 Armour
 + Level 5.1 Dodging
 + Level 9.1 Stealth


You had 8 spell levels left.
You didn't know any spells.
Your spell library contained the following spells:

 Spells                   Type           Power      Damage    Failure   Level
 Corpse Rot               Necr/Air       N/A        N/A       99%         2
 Ensorcelled Hibernation  Hex/Ice        0%         N/A       99%         2
 Poisonous Vapours        Pois/Air       0%         N/A       99%         2
 Static Discharge         Conj/Air       0%         N/A       99%         2
 Spider Form              Tmut/Pois      0%         N/A       100%        3
 Dispel Undead            Necr           0%         3d6       100%        4
 Sticky Flame             Conj/Fire      0%         2d3       100%        4


Dungeon Overview and Level Annotations

Branches:
Dungeon (7/15)             Temple (1/1) D:5

Altars:
Ashenzari
Cheibriados
Dithmenos
Elyvilon
Fedhas
Gozag
Kikubaaqudgha
Makhleb
Nemelex Xobeh
Qazlal
Ru
Sif Muna
Trog
Uskayaw
Vehumet
Wu Jian
Xom
Zin
The Shining One

Shops:
D:5 !

Annotations:
D:3 2 transporters


Innate Abilities, Weirdness & Mutations

Your serpentine skin is tough. (AC +3)
You have supernaturally acute eyesight. (SInv)
Armour fits poorly on your strangely shaped body.
Your system is resistant to poisons. (rPois)
You cover ground very slowly.
You can spit poison.
You have a snake-like lower body.


Message History

The orc warrior is lightly wounded.
The orc warrior hits you with a +0 trident.
A red film seems to cover your vision as you go berserk!
You feel yourself moving faster!
You feel mighty!
The orc warrior hits you with a +0 trident!
* * * LOW HITPOINT WARNING * * *
Your chain mail prevents you from hitting the orc warrior.
The orc warrior is lightly wounded.
The orc priest casts a cantrip, but nothing happens.
You slash the orc warrior!
The orc warrior is moderately wounded.
The orc warrior barely misses you.
The orc priest looks braver for a moment.
You slash the orc warrior!
The orc warrior is severely wounded.
The orc warrior hits you with a +0 trident!
* * * LOW HITPOINT WARNING * * *
You slash the orc warrior!
The orc warrior is almost dead.
You closely miss the orc warrior.
The orc warrior is almost dead.
The orc warrior hits you with a +0 trident.
* * * LOW HITPOINT WARNING * * *
You slash the orc warrior!
You kill the orc warrior!
Trog accepts your kill.
Your Stealth skill increases to level 9!
You closely miss the orc. The orc hits you but does no damage.
You slash the orc!
You kill the orc!
Trog accepts your kill.
You hit the orc priest.
The orc priest is lightly wounded.
Your orc dissolves into shadows!
You slice the orc priest!!
You kill the orc priest!
Trog accepts your kill.
The orc priest invokes the aid of Beogh against you.
Beogh smites you!
You die...

###
#<#
#.#
#5#
#@#
#)#
#o#
#.#
#.#
#.#
#.#
#.#


You could see an orc priest and a friendly shadow imp (summoned).

Vanquished Creatures
  Pikel (D:6)
  An orc warrior (D:7)
  3 black bears
  2 ice beasts (D:6)
  2 ogres
  A sky beast (D:3)
  A phantom (D:5)
  A lemure (D:6)
  A scorpion (D:5)
  An electric eel (D:6)
  A hound (D:4)
  A jelly (D:4)
  A bullfrog zombie (D:5)
  4 orc priests
  Crazy Yiuf (D:2)
  3 orc wizards (D:5)
  An iguana (D:4)
  A killer bee zombie (D:6)
  Robin (D:3)
  4 gnolls
  10 adders
  A shadow imp (D:6)
  3 adder skeletons
  A worm (D:2)
  2 dart slugs
  14 orcs
  8 endoplasms
  4 giant cockroaches
  12 goblins
  13 hobgoblins
  2 jackals (D:4)
  5 quokkas
  4 ball pythons
  6 bats
  2 frilled lizards
  11 kobolds
  8 rats
138 creatures vanquished.

Vanquished Creatures (others)
  An orc wizard (D:4)
  74 plants (D:6)
75 creatures vanquished.

Grand Total: 213 creatures vanquished

Notes
Turn   | Place    | Note
-------+----------+-------------------------------------------
     0 | D:1      | KristoblXynda the Naga Berserker began the quest for the
                  | Orb.
     0 | D:1      | Reached XP level 1. HP: 21/21 MP: 1/1
   315 | D:1      | Reached skill level 1 in Stealth
   323 | D:1      | Reached XP level 2. HP: 17/28 MP: 2/2
  1560 | D:1      | Found a faded altar of an unknown god.
  1576 | D:1      | Reached XP level 3. HP: 34/34 MP: 3/3
  1608 | D:1      | Reached skill level 2 in Stealth
  2119 | D:2      | Reached ** piety under Trog
  2293 | D:2      | Reached XP level 4. HP: 8/42 MP: 4/4
  2560 | D:2      | Found a broken altar of Ashenzari.
  3140 | D:2      | Found a runed translucent door.
  3141 | D:2      | Noticed Crazy Yiuf
  3147 | D:2      | Killed Crazy Yiuf
  3148 | D:2      | Reached skill level 3 in Stealth
  3345 | D:3      | Found a transporter.
  3351 | D:3      | Found a transporter.
  3371 | D:3      | Reached XP level 5. HP: 34/49 MP: 5/5
  3465 | D:3      | Noticed a sky beast
  3480 | D:3      | Killed a sky beast
  3481 | D:3      | Reached skill level 4 in Stealth
  3948 | D:3      | Reached XP level 6. HP: 45/56 MP: 6/6
  4133 | D:3      | Noticed Robin
  4154 | D:3      | Killed Robin
  4793 | D:4      | Noticed a black bear
  5431 | D:4      | Reached skill level 5 in Stealth
  5511 | D:4      | Killed a black bear
  5512 | D:4      | Reached XP level 7. HP: 62/62 MP: 7/7
  5905 | D:4      | Reached *** piety under Trog
  6019 | D:4      | Reached skill level 5 in Axes
  6019 | D:4      | Reached skill level 6 in Stealth
  6166 | D:5      | Entered Level 5 of the Dungeon
  6536 | D:5      | Found a staircase to the Ecumenical Temple.
  6570 | D:5      | Reached XP level 8. HP: 69/69 MP: 8/8
  6669 | D:5      | Found a white marble altar of Elyvilon.
  6961 | Temple   | Entered the Ecumenical Temple
  7099 | D:5      | Reached skill level 7 in Stealth
  7101 | D:5      | Found Ciwufo's Distillery.
  7110 | D:5      | Bought a potion of curing for 33 gold pieces
  7110 | D:5      | Bought a potion of degeneration for 11 gold pieces
  8856 | D:6      | Noticed Pikel
  8873 | D:6      | Killed Pikel
  8874 | D:6      | Reached skill level 8 in Stealth
  8874 | D:6      | Reached XP level 9. HP: 35/75 MP: 9/9
  9205 | D:6      | Reached skill level 5 in Armour
  9205 | D:6      | Reached skill level 5 in Dodging
  9407 | D:7      | Reached skill level 9 in Stealth
  9410 | D:7      | Killed from afar by an orc priest

Illustrated notes

Levels and vault maps discovered:
D:1:      wander_arrival_peaceful_grave, layout_basic,
          hellmonk_ecumenical_altar_heavens_door
D:2:      layout_rooms, basic_altar, hangedman_decor_peaks_small,
          uniq_crazy_yiuf_cottage
D:3:      gammafunk_wand_slinger, layout_loops_ring, kennysheep_cluttered_room,
          uniq_robin
D:4:      layout_loops_ring
D:5:      layout_rooms, elyvilon_altar_3, minmay_temple_entry_grid,
          serial_shops, shop
D:6:      layout_rooms, serial_bayou, serial_bayou_shore_a,
          serial_bayou_lagoon_a, serial_bayou_ford_a, serial_bayou_pond_c,
          nrook_pool_corridor, minmay_manual_monolith, uniq_pikel
D:7:      layout_basic, enter_bailey_3, uniq_menkaure
Temple:   compressed_dpeg_circular_temple

Skill      XL: |  1  2  3  4  5  6  7  8  9 |
---------------+----------------------------+-----
Stealth        | 1 2 3 4 5 6 8 9 |  9.1
Dodging        | 2 3 4 5 |  5.1
Armour         | 2 3 4 5 |  5.0
Axes           | 4 5 6 |  6.6
Fighting       | |  3.0

Action                   |  1- 3 |  4- 6 |  7- 9 || total
-------------------------+-------+-------+-------++-------
Melee: Hand axe          |   111 |   273 |   284 ||   668
Invok: Berserk           |     3 |     5 |     9 ||    17
       Trog's Hand       |       |       |     1 ||     1
 Abil: Spit Poison       |     1 |     1 |     5 ||     7
  Use: Scroll            |       |       |    11 ||    11
       Potion            |       |       |     2 ||     2
 Stab: Sleeping          |     4 |     8 |     8 ||    20
       Distracted        |       |     1 |       ||     1
Armor: Animal skin       |    12 |   102 |     5 ||   119
       Leather armour    |       |       |    41 ||    41
       Chain mail        |       |       |    88 ||    88
Dodge: Dodged            |    70 |   148 |   129 ||   347

Table legend: (Time is in decaauts)
 A = Elapsed time spent in this place.
 B = Non-inter-level travel time spent in this place.
 C = Inter-level travel time spent in this place.
 D = Time resting spent in this place.
 E = Time spent auto-exploring this place.
 F = Levels seen in this place.
 G = Mean time per level.
                   A        B        C        D        E       F      G
               +--------+--------+--------+--------+--------+-----+--------+
         Total |  10844 |  10550 |    294 |   4231 |   4505 |   8 | 1355.5 |
       Dungeon |  10723 |  10449 |    274 |   4231 |   4426 |   7 | 1531.9 |
        Temple |    120 |    101 |     19 |      0 |     79 |   1 |  120.0 |
               +--------+--------+--------+--------+--------+-----+--------+

Top non-repeatable levels by time:
     D:1: 2311 daAuts
     D:3: 2049 daAuts
     D:6: 1751 daAuts
     D:5: 1711 daAuts
     D:2: 1497 daAuts
     D:4: 1368 daAuts
  Temple: 120 daAuts
     D:7: 34 daAuts
